[Event "Tsaghkadzor Open 2024"]
[Site "Tsaghkadzor"]
[Date "2024.10.04"]
[Round "7.1"]
[White "Karthik Venkataraman"]
[Black "Lysyj, Igor"]
[Result "1/2-1/2"]
[ECO "D33"]
[WhiteElo "2581"]
[BlackElo "2589"]
[Annotator "TA"]
[PlyCount "50"]
[EventDate "2024.09.13"]
[EventType "swiss"]
[EventCountry "ARM"]
[SourceTitle "playchess.com"]
[Source "ChessBase"]
[SourceQuality "1"]
[TimeControl "40/5400+30:1800+30"]

1. c4 e6 2. Nc3 c5 3. Nf3 {[%emt 0:00:33][%cal Bg1f3,Bf3d4,Bd4b3][%mdl 32] EV=10.72. Goes to b3 (dbg))} Nf6 4. g3 d5 5. cxd5 exd5 6. d4 Nc6 7. Bg2 cxd4 8. Nxd4 Bc5 9. Nb3 Bb4 10. O-O Bxc3 11. bxc3 O-O 12. Bg5 h6 {[%emt 0:01:57] D33: Tarrasch Verdediging: 6 g3 Zijvarianten.} 13. Bxf6 {[%emt 0:00:08] OK} Qxf6 14. Qxd5 {[%emt 0:03:13] Beste} ({Natuurlijk niet} 14. Bxd5 Bh3 $11) 14... Qxc3 {[%emt 0:00:31] OK} {Wit kan overwegen} 15. Qc5 {[%emt 0:01:31] Wit voelde zich onwel na de opening.   Blunder waarde: Wit=0.00 (foutloos) /Zwart=0.00 (foutloos) . Fout (0.6).  Fout:        	Wit=1      	---        OK:         	Wit=1      	Zwart=1      Beste:        	Wit=1      	---} (15. e3 $16) {Predecessor:} 15... Qb2 $146 16. e3 Be6 17. Rfb1 Qf6 18. Bxc6 bxc6 19. Qxc6 Rac8 20. Qb7 Rc2 21. Rf1 Bh3 22. Nd4 Rd2 23. Qxa7 Rxd4 24. Qxd4 Qf3 25. Qe4 Qxe4 {0-1 Saya,E (2217)-Lysyj,I (2589) Titled Tuesday intern op 08th Aug Early blitz 2023 (10)} 1/2-1/2

[Event "Tsaghkadzor Open 2024"]
[Site "Tsaghkadzor"]
[Date "2024.10.04"]
[Round "7.2"]
[White "Andriasian, Zaven"]
[Black "Kornienko, Konstantin"]
[Result "1/2-1/2"]
[ECO "B30"]
[WhiteElo "2558"]
[BlackElo "2058"]
[Annotator "RC"]
[PlyCount "125"]
[EventDate "2024.09.13"]
[EventType "swiss"]
[EventCountry "ARM"]
[SourceTitle "playchess.com"]
[Source "ChessBase"]
[SourceQuality "1"]
[TimeControl "40/5400+30:1800+30"]

1. e4 c5 2. Nf3 Nc6 3. Bb5 e6 4. O-O Nge7 5. c3 d5 6. exd5 Qxd5 7. d4 cxd4 8. Qe2 Nf5 9. Rd1 Bd7 10. Nbd2 Nd6 11. Bd3 Be7 12. Ne4 O-O 13. c4 Qh5 14. Ng3 Qc5 15. b3 a5 16. a3 e5 17. Bd2 f5 18. b4 axb4 19. axb4 Nxb4 20. Bxb4 Qxb4 21. Rxa8 Rxa8 22. Nxe5 Be8 23. Nxf5 Nxf5 24. Bxf5 Bf6 25. Nd3 Qe7 26. Qg4 g6 27. Re1 Qg7 28. Be4 Bd7 29. Qf3 Rf8 30. Bxb7 Kh8 31. Bd5 Bh4 32. Qe4 Qf6 33. Qf3 Qg7 34. Qe2 Bf5 35. g3 Bxd3 36. Qxd3 Be7 37. Re6 Bc5 38. Kg2 Qa7 39. h4 Qa2 40. Re2 Qa7 41. Qe4 Qg7 42. f4 Rb8 43. Qd3 Qd7 44. Qe4 Qg7 45. Ra2 Qe7 46. Be6 Qb7 47. Qxb7 Rxb7 48. Ra5 Rb2+ 49. Kf3 Bb4 50. Ra8+ Kg7 51. Ra7+ Kh8 52. g4 Rb3+ 53. Ke4 Re3+ 54. Kd5 d3 55. Ra8+ Kg7 56. Ra7+ Kf8 57. Ra8+ Ke7 58. Ra7+ Kf8 59. Rf7+ Ke8 60. Rxh7 d2 61. Bd7+ Kf8 62. Ba4 Ra3 63. Ke4 1/2-1/2

[Event "Tsaghkadzor Open 2024"]
[Site "Tsaghkadzor"]
[Date "2024.10.04"]
[Round "7.3"]
[White "Hayrapetyan, Hovik"]
[Black "Lobanov, Sergei"]
[Result "1/2-1/2"]
[ECO "E51"]
[WhiteElo "2464"]
[BlackElo "2506"]
[Annotator "TA"]
[PlyCount "97"]
[EventDate "2024.09.13"]
[EventType "swiss"]
[EventCountry "ARM"]
[SourceTitle "playchess.com"]
[Source "ChessBase"]
[SourceQuality "1"]
[TimeControl "40/5400+30:1800+30"]

1. d4 Nf6 2. c4 e6 3. Nc3 d5 4. Nf3 Bb4 5. e3 O-O 6. Bd2 Nbd7 7. a3 Be7 8. cxd5 exd5 9. Bd3 c6 10. O-O a5 11. Rb1 Bd6 12. Qc2 Re8 13. Rfe1 Nf8 14. h3 {[%emt 0:01:02] Prevents Bg4} Bd7 $1 15. e4 dxe4 16. Nxe4 Nxe4 17. Bxe4 Ng6 (17... Be6 $1 $11) 18. d5 $14 c5 19. a4 Qc7 20. Qc4 (20. b3 $14) 20... Ne5 $11 21. Nxe5 Bxe5 22. Bc3 Bxc3 23. bxc3 Qd6 24. Bc2 (24. Rxb7 $2 {too greedy.} f5 25. f3 (25. Rxd7 $2 Qxd7 26. d6+ Kh8 $19) 25... fxe4 26. fxe4 Re5 $19) 24... Rxe1+ 25. Rxe1 g6 26. h4 h5 27. g3 b6 28. Qf1 Qf6 (28... Qxd5 $2 {perishes.} 29. Be4 Qe5 30. Bxa8 $18) 29. c4 (29. Re3 $11 {is superior.}) 29... Qc3 $1 $15 30. Bd1 Re8 {[%emt 0:05:57] Against Re7} 31. Rxe8+ {[%emt 0:00:06] The position is equal.} Bxe8 $11 {[%emt 0:00:01][%mdl 4096] Endgame. KQB-KQB} 32. Qe2 Kf8 33. Kg2 Bd7 34. Qc2 {[%emt 0:00:12] Inhibits Bf5.} Qd4 35. Bf3 Ke7 36. Qb3 Qf6 37. Qe3+ Kd6 38. Bd1 Qd4 {[%emt 0:03:01][%cal Od4c4] [#] aiming for ...Qxc4!} 39. Qf4+ Qxf4 40. gxf4 {[%emt 0:00:00] KB-KB} Bf5 41. Bb3 Ke7 42. f3 Kf6 43. Kf2 Bb1 44. Ke3 Kf5 45. Bd1 Kf6 $1 46. Kd2 Bf5 47. Bc2 Bd7 48. Ke3 Be8 49. Ke4 {[%emt 0:13:13] Weighted Error Value: White=0.04 (flawless) /Black=0.06 (flawless) .  Mistake:       	White=2     	Black=1      Inaccurate:     	---       	Black=1      OK:         	White=21    	Black=18     Strong:       	---       	Black=3} 1/2-1/2

[Event "Tsaghkadzor Open 2024"]
[Site "Tsaghkadzor"]
[Date "2024.10.04"]
[Round "7.4"]
[White "Gabuzyan, Hovhannes"]
[Black "Audi Ameya"]
[Result "1/2-1/2"]
[ECO "B21"]
[WhiteElo "2579"]
[BlackElo "2413"]
[Annotator "TA"]
[PlyCount "103"]
[EventDate "2024.09.13"]
[EventType "swiss"]
[EventCountry "ARM"]
[SourceTitle "playchess.com"]
[Source "ChessBase"]
[SourceQuality "1"]
[TimeControl "40/5400+30:1800+30"]

1. e4 c5 2. d4 cxd4 3. Qxd4 Nc6 4. Qd3 Nf6 5. Nc3 g6 6. Nf3 {[%emt 0:00:15] B21: Siciliaans: 2 f4 en Morra Gambiet.} Bg7 7. Be2 {[%emt 0:00:08] OK} O-O {[%emt 0:01:39][%cal Od7d5] OK} 8. O-O {[%emt 0:00:05] OK. Wit staat iets beter.} d6 {[%emt 0:05:57] Onnauwkeurig} 9. Nd5 {[%emt 0:00:04] Onnauwkeurig} Nd7 10. c3 Nc5 {[%emt 0:01:27] Fout (0.6)} (10... e6 $11 11. Ne3 Nc5) 11. Qc2 {[%emt 0:00:04] Fout (0.5)} (11. Qe3 $14) 11... f5 12. exf5 {[%emt 0:03:12] OK} Bxf5 {[%emt 0:00:03] Onnauwkeurig} 13. Qd1 {[%emt 0:00:04] OK} {Zwart zou moeten spelen} h6 $146 {[%emt 0:06:01] Fout (0.7)} (13... Kh8 $14) ({Predecessor:} 13... Kh8 14. Bg5 h6 15. Be3 g5 16. Bxc5 dxc5 17. Ne3 Bg6 18. Qxd8 Rfxd8 19. Rfd1 a6 {0-1 Shimanov,A (2576)-Vidit,S (2727) Titled Tuesday intern op 16th Apr Early blitz 2024 (6)}) 14. Be3 {[%emt 0:02:57] Fout (0.7)} (14. Nd4 $1 $16) 14... g5 {[%emt 0:02:11] Onnauwkeurig} 15. Bxc5 {[%emt 0:06:45] OK} dxc5 {Wit zou moeten spelen} 16. Re1 {[%emt 0:00:04] Fout (0.7)} (16. Ne3 $16) 16... Kh8 {[%emt 0:02:04] Onnauwkeurig} 17. Bb5 {[%emt 0:02:56] Fout (0.7)} (17. Ne3 $14) 17... Nd4 $1 $11 {[%emt 0:02:44] Sterk} 18. cxd4 Qxd5 {[%emt 0:00:12] OK} 19. dxc5 {[%emt 0:00:21] Houdt de partij in balans. Fout (0.7)} (19. Rxe7 $11 Rad8 20. Qb3) 19... Qxc5 $17 20. Qe2 {[%emt 0:00:42][%cal Ob5a4] OK} Bg4 {[%emt 0:13:37] Het loperpaar is mooi.. Fout (0.9)} (20... Rad8 $17 {Sterke dreiging met ...g4.} 21. Rac1 Qb6) 21. Rac1 $11 {[%emt 0:02:13] OK} Qb6 {[%emt 0:02:56] Onnauwkeurig} 22. Bd3 $1 {[%emt 0:01:16] Hoopt vervolgens op Rc4. Sterk} Qxb2 23. Qxe7 {[%emt 0:01:29] OK} Bxf3 {[%emt 0:04:30] OK} 24. gxf3 $40 {[%emt 0:00:17][%mdl 128] Wit valt aan.} Rxf3 25. Qe4 $1 {[%emt 0:04:58][%csl Gd3][%cal Re4h7] Sterk} Qxf2+ {[%emt 0:00:05] Beste (Gemakkelijk)} ({Ondeugdelijk is} 25... Rxf2 26. Qh7#) 26. Kh1 {[%emt 0:00:02][%csl Gd3][%cal Re4h7] Gemiste overwinning (7.0)} Rxd3 $1 {[%emt 0:00:07] Sterk} 27. Qxd3 Qxa2 {[%emt 0:00:10] OK} 28. Re7 {[%emt 0:02:45] Onnauwkeurig} Qb2 29. Rcc7 {[%emt 0:02:17] Erg scherp! OK} (29. Rc2 $5 {lijkt wild.} Qa1+ 30. Kg2 Qf6 31. Rxb7 Rf8 32. Rbc7) {Zwart zou moeten proberen} 29... Qd4 {[%emt 0:03:04] Fout (1.1)} (29... Qa1+ $14 30. Kg2 Qb2+ 31. Qc2 Qxc2+ 32. Rxc2 b6) 30. Qxd4 $18 {[%emt 0:00:43] Beste (Gemakkelijk)} Bxd4 {[%emt 0:00:03][%mdl 4096] Eindspel. KRR-KRB} {Advantageous for White to attempt.} 31. Rcd7 $1 {[%emt 0:00:06] Sterk} (31. Rxb7 a5 $14) 31... Bc3 {[%emt 0:01:33] [#] OK} {Wit zou moeten proberen} 32. Rc7 {[%emt 0:01:30] Wit is actiever. Fout (1.0)} ({Veel minder sterk is} 32. Rxb7 $6 a5 $16) (32. Rh7+ $1 $16 Kg8 33. Rxh6 (33. Rxb7 a5 $14)) {Beter is} 32... Bd4 {[%emt 0:00:28] [#] Fout (0.6)} (32... Ba1 $1 $14) 33. Red7 {[%emt 0:00:04] Fout (0.6)} ({Speel niet} 33. Rxb7 Kg8 $14) (33. Rcd7 $1 $16 Bc3 34. Rh7+ (34. Rxb7 a5 $14) 34... Kg8 35. Rxh6 (35. Rxb7 Rb8 $14)) 33... Be5 34. Rxb7 a5 {[%emt 0:00:30][%cal Ba7a5,Ba5a4,Ba4a3][%mdl 32] EV=14.00. Goes to a3 (dbg)). OK} 35. Rh7+ {[%emt 0:00:04] OK} Kg8 36. Rxh6 {[%emt 0:00:03] En nu zou Rg6+ winnen. OK} a4 $1 {[%emt 0:00:40] Sterk} 37. Rbb6 {[%emt 0:01:40] Rbg6+ is de sterke dreiging. OK} a3 {[%emt 0:02:09] ...a2 zou dodelijk zijn. OK} 38. Ra6 {[%emt 0:00:09] OK} Rxa6 {[%emt 0:00:09] OK} 39. Rxa6 $14 {[%emt 0:00:12] KR-KB} Bb2 {[%emt 0:00:04] OK} 40. Ra7 {[%emt 0:00:00] Onnauwkeurig} g4 $1 {[%emt 0:00:00] Sterk} 41. Kg2 {[%emt 0:15:14] OK} Kf8 {[%emt 0:23:59] Beste (Gemakkelijk)} 42. Ra5 Ke7 {[%emt 0:00:47] OK} 43. Kg3 {[%emt 0:00:05] OK} Kd6 {[%emt 0:00:10] OK} 44. Kxg4 {[%emt 0:00:04] Zwart moet nu h4 voorkomen. OK} Kc6 {[%emt 0:00:18] OK} 45. Kf4 {[%emt 0:00:28] OK} Kb6 {[%emt 0:00:06] Beste (Gemakkelijk)} 46. Ra8 {[%emt 0:00:05] OK} Kc5 {[%emt 0:01:18] OK} 47. Ke3 {[%emt 0:00:04] OK} Kc4 48. Kd2 {[%emt 0:00:05] OK} Kb3 {[%emt 0:00:19] OK} 49. Rb8+ {[%emt 0:00:06] OK} Kc4 $1 {[%emt 0:00:34] Sterk} 50. Kc2 {[%emt 0:00:14] met als doel voor h4. OK} Be5 $1 {[%emt 0:00:23][%csl LRb8,LRh2] Sterk} 51. Rc8+ Kb4 {[%emt 0:01:22] OK} 52. Ra8 {[%emt 0:00:17] Blunder waarde: Wit=0.17 (erg precies) /Zwart=0.17 (erg precies) .  Gemiste overwinning: 	Wit=1      	---        Fout:        	Wit=7      	Zwart=5      Onnauwkeurig:    	Wit=3      	Zwart=5      OK:         	Wit=22     	Zwart=15     Beste:        	Wit=1      	Zwart=3      Sterk:        	Wit=3      	Zwart=6} 1/2-1/2

[Event "Tsaghkadzor Open 2024"]
[Site "Tsaghkadzor"]
[Date "2024.10.04"]
[Round "7.5"]
[White "Davtyan, Arsen"]
[Black "Nozdrachev, Vladislav"]
[Result "1/2-1/2"]
[ECO "D37"]
[WhiteElo "2377"]
[BlackElo "2515"]
[Annotator "TA"]
[PlyCount "111"]
[EventDate "2024.09.13"]
[EventType "swiss"]
[EventCountry "ARM"]
[SourceTitle "playchess.com"]
[Source "ChessBase"]
[SourceQuality "1"]
[TimeControl "40/5400+30:1800+30"]

1. d4 d5 2. c4 e6 3. Nf3 Nf6 4. Nc3 Be7 5. Bf4 O-O 6. e3 b6 7. Bd3 dxc4 8. Bxc4 Bb7 9. O-O a6 {[%emt 0:01:27] D37: Queen's Gambit Declined: 5 Bf4.} 10. Qe2 b5 11. Bd3 Nbd7 12. Rad1 c5 $146 ({Predecessor:} 12... Bd6 13. Ne5 Qe7 14. Bg3 Nb6 15. Ng4 Bxg3 16. Nxf6+ Qxf6 17. hxg3 Nd7 18. Ne4 Qe7 {1-0 Gunina,V (2435)-Khamdamova,A (2291) Swiss Queens Wed #27 blitz 2024 (9)}) 13. dxc5 b4 14. Na4 Qa5 15. Nb6 Nxb6 16. cxb6 Qxb6 17. e4 Rfd8 18. Ne5 a5 19. Nc4 Qc6 20. f3 Nh5 21. Be3 Bc5 22. g3 Ba6 23. b3 Nf6 24. Kg2 Bxc4 25. Bxc4 Bxe3 26. Qxe3 Nd7 27. Qg5 Qb6 28. Rf2 Nf8 29. Rfd2 Rxd2+ 30. Qxd2 h6 31. Qd4 Qc7 32. Qd6 Qa7 33. Qd4 Qc7 34. Qd6 Qa7 35. Rd3 Rc8 36. Qd4 Qb7 37. Kf2 Ng6 38. f4 Nf8 39. h4 Rc7 40. Qe5 Nd7 41. Qxa5 Nf6 $1 42. Rd4 Rd7 43. Ke3 Ng4+ 44. Kd3 Nf2+ 45. Ke3 Rxd4 46. Kxd4 Nxe4 $2 (46... g6 $11 {and Black is okay.}) 47. Qa6 $18 Qxa6 48. Bxa6 Nxg3 49. Kc5 Nh5 50. Kxb4 Kf8 51. Bb7 $2 (51. a4 $18) 51... Ke7 $11 52. Kb5 Kd7 $1 53. Kb6 Nxf4 54. a4 Nd5+ 55. Bxd5 exd5 56. Kc5 (56. a5 $5 d4 $8 (56... g5 $2 57. a6 $18) 57. a6 $11 (57. b4 d3 $17)) 1/2-1/2

[Event "Tsaghkadzor Open 2024"]
[Site "Tsaghkadzor"]
[Date "2024.10.04"]
[Round "7.5"]
[White "Davtyan, Arsen"]
[Black "Nozdrachev, Vladislav"]
[Result "*"]
[WhiteElo "2377"]
[BlackElo "2515"]
[Annotator "TA"]
[PlyCount "33"]
[EventDate "2024.09.13"]
[EventType "swiss"]
[EventCountry "ARM"]
[SourceTitle "playchess.com"]
[Source "ChessBase"]
[SourceQuality "1"]
[TimeControl "40/5400+30:1800+30"]

1. d4 d5 2. c4 e6 3. Nf3 Nf6 4. Nc3 Be7 5. Bf4 O-O 6. e3 b6 7. Bd3 dxc4 {[%emt 0:01:55] 7...Ba6 zet een nieuwe trend.} 8. Bxc4 {[%emt 0:00:04] Wit staat iets beter.} Bb7 {[%emt 1:32:01] D37: Damegambiet Geweigerd: 5 Lf4.} 9. O-O a6 {[%emt 0:01:27] OK} 10. Qe2 {[%emt 0:04:26] OK:         	---       	Zwart=1} {Predecessor:} b5 $146 11. Bd3 Nbd7 12. Rfd1 Bd6 13. Ne5 Qe7 14. Rac1 Rfd8 15. Bg3 h6 16. e4 Bxe5 17. dxe5 {0-1 Le,Q (2709)-Duda,J (2750) Charity Cup KO rapid 2022 (2.11)} *

[Event "Tsaghkadzor Open 2024"]
[Site "Tsaghkadzor"]
[Date "2024.10.04"]
[Round "7.6"]
[White "Gong, Sunle"]
[Black "Gharibyan, Mamikon"]
[Result "0-1"]
[ECO "D38"]
[WhiteElo "2226"]
[BlackElo "2472"]
[Annotator "TA"]
[PlyCount "116"]
[EventDate "2024.09.13"]
[EventType "swiss"]
[EventCountry "ARM"]
[SourceTitle "playchess.com"]
[Source "ChessBase"]
[SourceQuality "1"]
[TimeControl "40/5400+30:1800+30"]

1. d4 d5 2. c4 e6 3. Nc3 Bb4 4. Nf3 Nf6 5. Bg5 Nbd7 6. e3 h6 {[%emt 0:01:22] D38: Queen's Gambit Declined: Ragozin Defence (4 Nf3 Bb4).} 7. Bxf6 Bxc3+ 8. bxc3 Nxf6 9. Qa4+ Qd7 $146 ({Predecessor:} 9... Bd7 10. Qb3 c5 11. Qxb7 Qa5 12. Qxa8+ Ke7 13. Qxh8 Qxc3+ 14. Nd2 Qxa1+ 15. Ke2 Qxa2 16. Ke1 Ne4 17. Nxe4 Qb1+ 18. Ke2 dxe4 19. dxc5 Qd3+ 20. Ke1 Qc3+ {0-1 Migliorini,R (1868)-Moreira,J (1831) FICGS class C 000185 email 2013 (1)}) 10. Qc2 O-O 11. Ne5 Qe7 12. h4 Nd7 13. Nf3 c6 14. g4 e5 15. Be2 Re8 16. Nd2 (16. cxd5 $11 cxd5 17. Qb1) 16... e4 ({Black should play} 16... exd4 $15 17. cxd4 c5) 17. O-O-O g6 18. Qb3 a5 19. cxd5 cxd5 20. a4 Nf6 21. Rhg1 Be6 22. Kb2 Kg7 23. g5 hxg5 24. hxg5 Nh7 25. c4 ({Better is} 25. Bb5 $11) 25... dxc4 (25... Nxg5 $6 26. cxd5 Bd7 27. Nc4 $14 (27. Qxb7 $2 Reb8 $19)) 26. Bxc4 Bxc4 27. Nxc4 Nxg5 28. Qc3 (28. Rc1 $15) 28... Qf6 $17 29. d5 Qxc3+ 30. Kxc3 Nf3 31. Rh1 Rac8 32. d6 Rc5 33. d7 Rd8 34. Kb3 Rc7 (34... b5 $17 35. Nd6 bxa4+ (35... Rxd7 36. Ne8+ Kf8 37. Rxd7 $11) 36. Kxa4 Ne5 (36... Rxd7 37. Ne8+ Kf8 38. Rxd7 $11)) 35. Nb6 $15 Ne5 36. Rh4 $2 ({Only move:} 36. Rd6 $1 $15) 36... Rc6 $19 (36... Nxd7 37. Rxd7 Rcxd7 (37... Rdxd7 38. Nxd7 Rxd7 39. Rxe4 $17) 38. Nxd7 Rxd7 39. Rxe4 $19) 37. Nd5 Nxd7 ({Weaker is} 37... Rxd7 38. Rxe4 Nf3 39. Re7 Rxe7 40. Nxe7 Rb6+ 41. Ka3 $17) 38. Nc3 Nc5+ 39. Ka3 Rxd1 40. Nxd1 Rd6 ({Don't play} 40... Rb6 41. Nb2) 41. Nc3 Rd3 42. Kb2 Rd2+ 43. Ka3 f5 44. Rh1 Rxf2 45. Nd5 Rd2 46. Nf4 g5 47. Rg1 Kf6 48. Nh5+ Ke5 49. Rxg5 Rd3+ 50. Ka2 Rxe3 51. Rg7 Rh3 52. Ng3 Ne6 53. Rg8 f4 54. Nf1 Rh1 55. Ng3 Rg1 56. Rb8 Rxg3 57. Rxb7 f3 58. Rf7 e3 0-1

[Event "Tsaghkadzor Open 2024"]
[Site "Tsaghkadzor"]
[Date "2024.10.04"]
[Round "7.7"]
[White "Sahakyan, Aleks"]
[Black "Davtyan, Artur"]
[Result "1/2-1/2"]
[ECO "A13"]
[WhiteElo "2267"]
[BlackElo "2467"]
[Annotator "TA"]
[PlyCount "59"]
[EventDate "2024.09.13"]
[EventType "swiss"]
[EventCountry "ARM"]
[SourceTitle "playchess.com"]
[Source "ChessBase"]
[SourceQuality "1"]
[TimeControl "40/5400+30:1800+30"]

1. c4 e6 2. g3 d5 3. Bg2 dxc4 4. Qa4+ Bd7 5. Qxc4 Bc6 6. Nf3 Nf6 7. O-O Be7 8. Qc2 O-O 9. Nc3 Bxf3 {[%emt 0:23:07] White is slightly better.} 10. Bxf3 c6 11. Rd1 e5 12. Qf5 Qd6 {[%emt 0:24:18] [#]} 13. b4 $1 a6 (13... g6 14. Qc2) 14. Rb1 Nbd7 {[%emt 0:00:31] Repels d4} 15. d3 Rfe8 16. Be3 Nd5 17. Bxd5 cxd5 {[%emt 0:00:02] The position is equal.} 18. d4 (18. Ne4 $5 Qc7 (18... dxe4 19. dxe4 Qc6 20. Qxd7 $16) 19. Rbc1 $14) 18... Qe6 19. Qxe6 fxe6 20. Na4 b5 21. Nc5 exd4 22. Bxd4 Nxc5 23. bxc5 Rec8 24. Rdc1 Rc6 25. a4 bxa4 26. Ra1 Rac8 27. Rxa4 Bxc5 28. Rxc5 Rxc5 29. Bxc5 Rxc5 30. Rxa6 {[%emt 0:00:00] Weighted Error Value: White=0.08 (flawless) /Black=0.05 (flawless) .  Inaccurate:     	White=2     	Black=1      OK:         	White=8     	Black=7      Best:        	White=1     	Black=1} 1/2-1/2

[Event "Tsaghkadzor Open 2024"]
[Site "Tsaghkadzor"]
[Date "2024.10.04"]
[Round "7.8"]
[White "Gasparyan, Erik R."]
[Black "Goganov, Aleksey"]
[Result "1/2-1/2"]
[ECO "E51"]
[WhiteElo "2350"]
[BlackElo "2463"]
[Annotator "TA"]
[PlyCount "146"]
[EventDate "2024.09.13"]
[EventType "swiss"]
[EventCountry "ARM"]
[SourceTitle "playchess.com"]
[Source "ChessBase"]
[SourceQuality "1"]
[TimeControl "40/5400+30:1800+30"]

1. d4 Nf6 2. c4 e6 3. Nf3 d5 4. Nc3 Bb4 5. e3 O-O 6. Bd2 b6 7. cxd5 exd5 8. Rc1 Re8 9. Bd3 Bf8 10. Ne5 {[%emt 0:06:13] The position is equal.} Bb7 11. O-O c5 12. f4 Nc6 13. Qf3 cxd4 14. Nxc6 Bxc6 15. exd4 Ne4 16. Be3 Qd7 17. Qe2 Be7 18. Bxe4 dxe4 19. d5 Bb7 (19... Bxd5 $2 20. Rfd1 $18) 20. Rfd1 Rac8 21. Qb5 Red8 22. Qxd7 Rxd7 23. Nb5 (23. Nxe4 $11 {remains equal.} Rxc1 (23... Rxd5 $2 24. Rxc8+ Bxc8 25. Rxd5 $18) 24. Rxc1) 23... Rxc1 $17 (23... Rxd5 $2 24. Rxc8+ (24. Nxa7 Rxc1 25. Rxc1 Bc5 $17) 24... Bxc8 25. Rxd5 $18) 24. Rxc1 Ba6 (24... Rxd5 $6 25. Rc7 Rxb5 26. Rxe7 $11) (24... Bxd5 $17 25. Rc8+ Bf8) 25. Nc3 (25. Nd4 $15) 25... Bd3 26. Bd4 f5 27. Kf2 Kf7 28. Ke3 b5 (28... g5 $17 29. g3 Rd8) 29. g4 b4 (29... fxg4 30. Nxe4 Bc4 31. d6 Bxd6 32. Nxd6+ Rxd6 33. b3 $11) 30. Nd1 (30. Ne2 $1 $15) 30... g6 (30... fxg4 31. Nf2 $17) (30... Rxd5 31. gxf5 Rxf5 32. Nf2 $15) (30... g5 $1 $19 31. Be5 gxf4+ (31... Rxd5 $2 32. Rc7 $19) 32. Kxf4 h6 (32... Rxd5 33. Rc7 $11)) 31. Nf2 $15 Bb5 (31... Rxd5 32. gxf5 gxf5 (32... Rxf5 33. Rc7 $15) 33. Nxd3 exd3 34. Kxd3 $14) 32. gxf5 (32. Rc8 $1 $11) 32... gxf5 $17 33. Rg1 ({White should play} 33. Rc8 $1 $15) 33... Bf8 ({Resist} 33... Rxd5 34. Rg7+ Ke6 35. Rxh7 $15) 34. Rg5 (34. Rc1 $142) 34... Rxd5 35. Nxe4 h6 36. Rh5 (36. Nf6 $17) 36... Kg6 $19 37. Ng3 a5 38. b3 Ba6 39. Rh3 Bc5 40. Bxc5 Rxc5 {[%emt 0:00:00][%mdl 4096] Endgame. KRB-KRN} 41. Kd4 $2 (41. Ne2 Bxe2 42. Kxe2) 41... Rc3 42. Rh4 Bd3 43. Kd5 Bb1 44. Ne2 Be4+ 45. Ke5 {[%emt 0:06:18] [#]} (45. Kd4 $142 Rc2 46. Ng3) 45... Bg2 $1 {[%emt 0:03:26] aiming for ...Re3+.} 46. Nd4 (46. Ng3 Rc2) 46... h5 {[%emt 0:01:28] Strongly threatening ...Rd3.} 47. Ke6 Be4 (47... Rd3 $142 48. Nb5 (48. Nxf5 $2 {loses.} Bh3 $19) 48... Rd2) 48. Kd6 {[%emt 0:01:16] [#]} Bb1 $1 49. Nc6 Bxa2 50. Nxa5 {[%emt 0:01:34] [#]} Bxb3 $2 (50... Kh6 $1 $19 {[%cal Oa2b1] And now ...Bb1! would win.} 51. Kd5 Bb1 (51... Bxb3+ 52. Nxb3 Rxb3 53. Kc4 $15)) 51. Nxb3 $15 Rxb3 $19 {[%emt 0:00:04] KR-KR} 52. Kc5 $1 Rb2 {[%emt 0:07:28] Threatens to win with ...b3.} 53. h3 Rb1 54. Kc4 Kh6 55. Kb5 Rb3 56. Kc4 Rb2 57. Kb5 Kg6 (57... b3 $15 58. Kb4 Rb1) 58. Kc4 ({Only move:} 58. Kc5 $1 $11) 58... Rb1 59. Kb5 b3 60. Kc4 Rb2 61. Kc3 Rb1 62. Kc4 $1 b2 {[%emt 0:00:32] ( -> ...Rc1+)} (62... Re1 {simplifies} 63. Kxb3 Re8 64. Kc2 Re7) 63. Kc3 Kf6 ({Black should try} 63... Kh6 $15) 64. Rxh5 $11 Rf1 65. Kxb2 Rxf4 66. Kc3 {[%emt 0:00:51] Prevents Rc4+.} Ke5 (66... Kg6 $5 67. Rh8 $8 Rf3+ 68. Kd2 Kg5 $11) 67. Kd3 Re4 68. Rh8 Kf4 69. h4 Re3+ 70. Kd4 Re4+ 71. Kd3 Re6 72. h5 Kg5 73. h6 Rxh6 {[%emt 0:04:47] Weighted Error Value: White=0.27 (precise) /Black=0.20 (precise) .  Loses game:     	White=1     	---        Missed win:     	---       	Black=1      Mistake:       	White=10    	Black=6      Inaccurate:     	White=5     	Black=2      OK:         	White=23    	Black=19     Best:        	White=9     	Black=6      Strong:       	White=2     	---} 1/2-1/2

[Event "Tsaghkadzor Open 2024"]
[Site "Tsaghkadzor"]
[Date "2024.10.04"]
[Round "7.8"]
[White "Gasparyan, Erik R."]
[Black "Goganov, Aleksey"]
[Result "*"]
[ECO "E51"]
[WhiteElo "2350"]
[BlackElo "2463"]
[Annotator "TA"]
[PlyCount "36"]
[EventDate "2024.09.13"]
[EventType "swiss"]
[EventCountry "ARM"]
[SourceTitle "playchess.com"]
[Source "ChessBase"]
[SourceQuality "1"]
[TimeControl "40/5400+30:1800+30"]

1. d4 Nf6 2. c4 e6 3. Nf3 d5 4. Nc3 Bb4 5. e3 O-O 6. Bd2 b6 7. cxd5 exd5 8. Rc1 {[%emt 0:00:06] E51: Nimzo-Indisch: Rubinstein: 4...0-0 5 Pf3 d5.} Re8 9. Bd3 {[%emt 0:03:35] 9.Ne5 verdient nadere bestudering.} Bf8 {[%emt 0:01:39] Onnauwkeurig} 10. Ne5 {[%emt 0:06:13] OK} Bb7 {[%emt 0:04:05] OK} 11. O-O {[%emt 0:00:17] OK} c5 {[%emt 0:00:04] Zwart werd weggespeeld na de opening.   Blunder waarde: Wit=0.12 (erg precies) /Zwart=0.05 (foutloos) . Beste (Gemakkelijk).  Onnauwkeurig:    	---       	Zwart=1      OK:         	Wit=2      	Zwart=1      Beste:        	---       	Zwart=1} {Predecessor:} 12. Bb5 $146 Re7 13. f4 a6 14. Bd3 Nc6 15. Ne2 Rc7 16. Be1 Ne4 17. Nxc6 Rxc6 18. Bxe4 dxe4 {1-0 Maghsoodloo,P (2716)-Sevian,S (2690) Aimchess Play In op rapid 2023 (7)} *